 Dungeon Sprint DCSS version 0.32-a0-683-ge26c5dbc97 (webtiles) character file.

Game seed: 8758296747416733337

8 Revguard the Ruffian (level 2, 0/32 HPs)
             Began as a Troll Monk on Mar 12, 2024.
             Was a Believer of Jiyva.
             Slain by a +1 flail of holy wrath (21 damage)
             ... in the Dungeon (Sprint V: "Ziggurat Sprint").
             The game lasted 00:01:15 (36 turns).

Revguard the Ruffian (Troll Monk)                     Turns: 36, Time: 00:01:15

Health: 0/32       AC:  4    Str: 30    XL:     2   Next: 0%
Magic:  1/1        EV: 10    Int:  6    God:    Jiyva [**....]
Gold:   0          SH:  0    Dex: 12    Spells: 1/1 levels left

rFire   . .          .
                       - Unarmed
rCold   . . .        c - orb {light}
rNeg    . . .        a - +0 robe
rPois   .            (helmet restricted)
rElec   .            (no cloak)
rCorr   +            (gloves unavailable)
SInv    .            (boots unavailable)
Will    .....        (no amulet)
Stlth   +            z - +6 ring of strength
HPRegen 2.01/turn    A - +6 ring of strength
MPRegen 0.55/turn

%: no teleportation
@: glowing
A: large, unfitting armour, claws 3, regeneration 1, shaggy fur 1, tough skin 1
a: Renounce Religion


You were in the Dungeon.
You worshipped Jiyva.
Jiyva was pleased with you.
You visited 1 branch

Inventory:

Armour
 a - a +0 robe (worn)
 c - an orb of light (worn)
Jewellery
 u - a ring of flight
 v - a +6 ring of dexterity
 w - a +6 ring of dexterity
 x - a +6 ring of intelligence
 y - a +6 ring of intelligence
 z - a +6 ring of strength (left claw)
 A - a +6 ring of strength (right claw)
Talismans
 B - a blade talisman
Wands
 s - a wand of mindburst (7)
 t - a wand of quicksilver (4)
Scrolls
 i - 3 scrolls of blinking
 o - 4 scrolls of amnesia
 p - 7 scrolls of fog
 q - 5 scrolls of identify
 r - 2 scrolls of fear
Potions
 b - a potion of ambrosia
 d - 10 potions of curing
 e - 10 potions of heal wounds
 f - 6 potions of haste
 g - 7 potions of magic
 h - 3 potions of berserk rage
 j - 2 potions of brilliance
 k - 2 potions of invisibility
 l - 4 potions of resistance
 n - 5 potions of might


   Skills:
 * Level 3.9 Fighting
 + Level 1.9 Armour
 + Level 3.2 Dodging
 * Level 4.7 Unarmed Combat
 + Level 1.6 Evocations
 + Level 2.0 Shapeshifting


You had one spell level left.
You didn't know any spells.
Your spell library was empty.

Dungeon Overview and Level Annotations

Branches:
Dungeon (1/1)

Altars:
Ashenzari
Cheibriados
Dithmenos
Elyvilon
Fedhas
Gozag
Hepliaklqana
Kikubaaqudgha
Makhleb
Nemelex Xobeh
Okawaru
Qazlal
Ru
Sif Muna
Trog
Uskayaw
Vehumet
Wu Jian
Xom
Yredelemnul
Zin
The Shining One
Beogh
Jiyva
Lugonu

Annotations:
D 1 transporter


Innate Abilities, Weirdness & Mutations

You are too large for most types of armour.
You have claws for hands.
Your natural rate of healing is unusually fast.
You are covered in fur. (AC +1)
You have tough skin. (AC +1)


Message History

You hear a distant slurping noise. x3
There is a transporter here.
Welcome to arena 1.
You enter the transporter and appear at another place.
A +1 flail of holy wrath and a water elemental come into view.
You hear a distant slurping noise. x3
Found two items.
Found a transporter.
Aiming: Quicksilver Bolt
Press: ? - help, Shift-Dir - straight line, f - +1 flail of holy wrath
Aim: a +1 flail of holy wrath (haloed, 61% to hit)
The bolt of dispelling energy hits the +1 flail of holy wrath.
The +1 flail of holy wrath is lightly damaged.
You hear a splash. x2; You hear a distant slurping noise.
The +1 flail of holy wrath hits you!
You hear a distant slurping noise. x2
Blink to where?
Press: ? - help, Dir - move target, p - +1 flail of holy wrath
As you read the scroll of blinking, it crumbles to dust.
You hear a distant slurping noise. x2
Aiming: Mindburst
Press: ? - help, Shift-Dir - straight line, f - water elemental
Aim: a water elemental (haloed, infinite will)
Okay, then.
Aiming: Quicksilver Bolt
Press: ? - help, Shift-Dir - straight line, f - +1 flail of holy wrath
Aim: a +1 flail of holy wrath (lightly damaged, haloed, 61% to hit)
The bolt of dispelling energy hits the +1 flail of holy wrath!
The +1 flail of holy wrath is heavily damaged.
You hear a distant slurping noise. x3
Aiming: Quicksilver Bolt
Press: ? - help, Shift-Dir - straight line, f/p - +1 flail of holy wrath
Aim: a +1 flail of holy wrath (moderately damaged, haloed, 61% to hit)
The bolt of dispelling energy hits the +1 flail of holy wrath!
The +1 flail of holy wrath is severely damaged.
The +1 flail of holy wrath hits you!
You hear a distant slurping noise.
The +1 flail of holy wrath hits you!!
Ouch! That really hurt!
You die...
Jiyva sends a jelly to digest your remains.

▓▓▓▓▓▓▓
▓@ß©ß.▓
▓(E...▓
▓.|.=.▓
▓.....▓
▓.....▓
▓..©..▓
▓▓▓▓▓▓▓


You could see a water elemental and a +1 flail of holy wrath.

Vanquished Creatures (others)
  5 shard shrikes (shapeshifter) (D)
  A titan (shapeshifter) (D)
  2 rockslimes (shapeshifter) (D)
  A two-headed ogre (shapeshifter) (D)
  3 skysharks (shapeshifter) (D)
  A deep troll (shapeshifter) (D)
  3 sun moths (shapeshifter) (D)
  A mana viper (shapeshifter) (D)
  An orb spider (shapeshifter) (D)
  A swamp dragon (shapeshifter) (D)
  2 lindwurms (shapeshifter) (D)
  A faun (shapeshifter) (D)
  A cyclops (shapeshifter) (D)
  2 manticores (shapeshifter) (D)
  A moth of wrath (shapeshifter) (D)
  A meliai (shapeshifter) (D)
  An eye of devastation (shapeshifter) (D)
  A cane toad (shapeshifter) (D)
  A yaktaur (shapeshifter) (D)
  A komodo dragon (shapeshifter) (D)
  2 trolls (shapeshifter) (D)
  A polar bear (shapeshifter) (D)
  2 dream sheep (shapeshifter) (D)
  A slime creature (shapeshifter) (D)
  A human (shapeshifter) (D)
  A basilisk (shapeshifter) (D)
  A sky beast (shapeshifter) (D)
  An iguana (shapeshifter) (D)
41 creatures vanquished.

Notes
Turn   | Place    | Note
-------+----------+-------------------------------------------
     0 | D        | Revguard the Troll Monk began the quest for the Orb.
     0 | D        | Reached XP level 1. HP: 22/22 MP: 0/0
     0 | D        | Found a blossoming altar of Fedhas.
     0 | D        | Found the +6 Majin-Bo {spellvamp, MP+6 Int+6}
     0 | D        | Found the +27 heavy crossbow "Sniper" {heavy, Acc+∞ SInv}
     0 | D        | Found the +10 dark maul {heavy}
     0 | D        | Found the +15 Maxwell's patent armour {-Cast -Tele rElec
                  | Will+ rCorr}
     0 | D        | Found the +18 shield of the Gong {Loud rN+ Will+ rCorr
                  | EV-5}
     0 | D        | Found the +16 obsidian axe {drain, demonic, Mesm ^Drain Fly
                  | SInv}
     0 | D        | Found the +7 great mace "Firestarter" {flame, immolate,
                  | rFlCloud rF++}
     0 | D        | Found the +6 shillelagh "Devastator" {shatter}
     0 | D        | Found the +11 plutonium sword {^Contam Stlth-}
     0 | D        | Found the +8 lance "Wyrmbane" {slay drac, rPois rF+ rC+
                  | AC+3}
     0 | D        | Found the +9 sword of Zonguldrok {reap}
     0 | D        | Found the +13 scythe of Curses {drain, curses, ^Drain}
     0 | D        | Found the +9 sword of Power {lifebolt}
     0 | D        | Found the +7 mace of Variability {chaos, chaos arc}
     0 | D        | Found the +11 Singing Sword {sonic wave}
     0 | D        | Found the +8 storm bow {elec, penet}
     1 | D        | Found a shimmering blue altar of Sif Muna.
     1 | D        | Found a sacrificial altar of Ru.
     1 | D        | Found a bloodstained altar of Trog.
     1 | D        | Found a stormy altar of Qazlal.
     1 | D        | Found an iron altar of Okawaru.
     1 | D        | Found a sparkling altar of Nemelex Xobeh.
     3 | D        | Found a transporter.
     3 | D        | Found an ancient bone altar of Kikubaaqudgha.
     3 | D        | Found a viscous altar of Jiyva.
     3 | D        | Found a corrupted altar of Lugonu.
     3 | D        | Found a hazy altar of Hepliaklqana.
     3 | D        | Found a burning altar of Makhleb.
     3 | D        | Found an opulent altar of Gozag.
    22 | D        | Became a worshipper of Jiyva Juwuing the Shapeless
    22 | D        | Reached * piety under Jiyva
    22 | D        | Reached ** piety under Jiyva
    22 | D        | Killed a shard shrike
    26 | D        | Killed a lindwurm
    26 | D        | Killed a lindwurm
    26 | D        | Killed a slime creature
    27 | D        | Reached skill level 1 in Armour
    27 | D        | Reached skill level 4 in Unarmed Combat
    27 | D        | Reached skill level 1 in Evocations
    27 | D        | Reached XP level 2. HP: 32/32 MP: 1/1
    27 | D        | Killed a troll
    27 | D        | Killed a skyshark
    27 | D        | Killed a dream sheep
    27 | D        | Killed a manticore
    28 | D        | Killed a sun moth
    28 | D        | Killed a two-headed ogre
    28 | D        | Killed a faun
    28 | D        | Killed a shard shrike
    29 | D        | Killed a meliai
    29 | D        | Killed a swamp dragon
    30 | D        | Killed a polar bear
    30 | D        | Killed an eye of devastation
    30 | D        | Killed a yaktaur
    31 | D        | Killed a human
    31 | D        | Killed a sun moth
    31 | D        | Killed a moth of wrath
    31 | D        | Killed a mana viper
    32 | D        | Entered arena 2.
    32 | D        | Noticed a +1 flail of holy wrath
    32 | D        | Noticed a water elemental
    32 | D        | Killed a manticore
    32 | D        | Killed a cyclops
    32 | D        | Killed a shard shrike
    32 | D        | Killed a deep troll
    32 | D        | Found a transporter.
    33 | D        | Killed a dream sheep
    34 | D        | Killed a skyshark
    34 | D        | Killed a troll
    34 | D        | Killed a titan
    34 | D        | Killed a basilisk
    34 | D        | Killed a komodo dragon
    35 | D        | Killed an orb spider
    35 | D        | Killed a shard shrike
    35 | D        | Killed a sky beast
    35 | D        | Killed a rockslime
    35 | D        | Killed a cane toad
    36 | D        | Killed a sun moth
    36 | D        | Killed a rockslime
    36 | D        | Killed a shard shrike
    36 | D        | Killed a skyshark
    36 | D        | Slain by a +1 flail of holy wrath

Illustrated notes

Levels and vault maps discovered:
D:        sprint_v [room_start, room_1, room_2, room_3, room_4, room_5, room_6,
          room_7, room_8, room_9, room_10, room_11, room_12, room_13, room_14,
          room_15, room_16, room_17, room_18, room_19, room_20, room_21,
          room_22, room_23, room_24, room_25, room_26, room_27]

Skill      XL: |  1 |
---------------+----+-----
Fighting       | 3 |  3.9
Armour         | 1 |  1.9
Dodging        | 3 |  3.2
Unarmed Combat | 4 |  4.7
Evocations     | 1 |  1.6
Shapeshifting  | 2 |  2.0

Action                     || total
---------------------------++-------
  Evoke: Wand              ||     3
    Use: Potion            ||     1
         Scroll            ||     1
 Armour: Robe              ||     3

Table legend: (Time is in decaauts)
 A = Elapsed time spent in this place.
 B = Non-inter-level travel time spent in this place.
 C = Inter-level travel time spent in this place.
 D = Time resting spent in this place.
 E = Time spent auto-exploring this place.
 F = Levels seen in this place.
 G = Mean time per level.
                   A        B        C        D        E       F      G
               +--------+--------+--------+--------+--------+-----+--------+
         Total |     35 |     35 |      0 |      0 |      0 |   1 |   35.0 |
       Dungeon |     35 |     35 |      0 |      0 |      0 |   1 |   35.0 |
               +--------+--------+--------+--------+--------+-----+--------+

Top non-repeatable levels by time:
       D: 35 daAuts
